 Dungeon Sprint DCSS version 0.31-a0-986-g5e6e4ef867 (webtiles) character file.

Game seed: 274040137680529387

31841 rocky1 the Brawler (level 12, -6/127 HPs)
             Began as a Naga Shapeshifter on Nov 4, 2023.
             Was an Initiate of Gozag.
             Mangled by Rupert
             ... wielding a +0 great mace of protection
              (23 damage)
             ... in the Dungeon (Sprint III: "The Ten Rune Challenge").
             The game lasted 00:24:55 (6467 turns).

rocky1 the Brawler (Naga Shapeshifter)              Turns: 6467, Time: 00:24:55

Health: -6/127     AC: 10    Str: 19    XL:     12   Next: 62%
Magic:  10/10      EV: 10    Int: 12    God:    Gozag
Gold:   5          SH:  0    Dex: 12    Spells: 11/11 levels left

rFire   + .          .
                       - Unarmed
rCold   + . .        (no shield)
rNeg    . . .        k - +0 scale mail
rPois   +            (helmet currently unavailable)
rElec   +            (cloak currently unavailable)
rCorr   +            (gloves currently unavailable)
SInv    +            (no barding)
Will    +....        (no amulet) Stlth
                     (no ring)
HPRegen 0.41/turn    (no ring)
MPRegen 0.12/turn

%: no teleportation
@: mighty, beast-form, resistant, hasted, quick
A: beast (slay +4), AC +4, large, see invisible, deformed body, poison
resistance, slowness 2, spit poison 1, naga tail 1, low MP 1, shaggy fur 1
}: 1/10 runes: serpentine
a: Spit Poison, Begin Untransformation, Renounce Religion, Potion Petition, Call
Merchant, Bribe Branch


You were in the Dungeon.
You worshipped Gozag.
Gozag was noncommittal.
You were a hulking beast.
You visited 1 branch You collected 12417 gold pieces.
You spent 2845 gold pieces at shops.
You paid 9567 gold pieces to Gozag.

Inventory:

Hand Weapons
 t - the +8 longbow "Zephyr" {speed, Dex+3 SInv}
   (You bought it in a shop in the Dungeon)

   Dex+3:     It affects your dexterity (+3).
   SInv:      It lets you see invisible.
Missiles
 u - 5 atropa-tipped darts
 v - 5 datura-tipped darts
Armour
 a - a +0 animal skin
 k - a +0 scale mail (worn)
Talismans
 c - a beast talisman (active)
 d - a flux talisman
Wands
 e - a wand of flame (7)
Scrolls
 l - 3 scrolls of immolation
 m - 4 scrolls of identify
 p - a scroll of torment
 r - a scroll of enchant armour
 w - a scroll of fear
 x - a scroll of poison
Potions
 b - a potion of lignification
 f - 2 potions of heal wounds
 g - a potion of brilliance
 h - 2 potions of magic
 j - 2 potions of might
 n - 2 potions of cancellation
 o - 4 potions of enlightenment
 q - a potion of curing
 s - a potion of attraction
Miscellaneous
 i - a lightning rod (4/4)


   Skills:
 + Level 13.9 Fighting
 + Level 6.6 Ranged Weapons
 + Level 8.8 Armour
 + Level 8.7 Dodging
 * Level 17.0 Unarmed Combat
 + Level 11.0 Evocations
 + Level 13.7 Shapeshifting


You had 11 spell levels left.
You didn't know any spells.
Your spell library contained the following spells:

 Spells                   Type           Power      Damage    Failure   Level
 Magic Dart               Conj           0%         1d3       63%         1
 Call Imp                 Summ           0%         N/A       77%         2
 Poisonous Vapours        Pois/Air       0%         N/A       77%         2
 Mephitic Cloud           Conj/Pois/Air  0%         N/A       94%         3
 Freezing Cloud           Conj/Ice/Air   0%         6-21      100%        5


Dungeon Overview and Level Annotations

Branches:
Dungeon (1/1)

Altars:
Cheibriados
Dithmenos
Elyvilon
Fedhas
Gozag
Hepliaklqana
Kikubaaqudgha
Makhleb
Nemelex Xobeh
Okawaru
Qazlal
Ru
Sif Muna
Trog
Uskayaw
Vehumet
Wu Jian
Xom
Yredelemnul
Zin
The Shining One
Jiyva
Lugonu

Shops:
D ?[:*?*[*

Annotations:
D Rupert


Innate Abilities, Weirdness & Mutations

You are a hulking beast.
Your limbs bulge with bestial killing power. (Slay +4)
Your serpentine skin is tough. (AC +4)
You have supernaturally acute eyesight. (SInv)
Armour fits poorly on your strangely shaped body.
Your system is resistant to poisons. (rPois)
You cover ground very slowly.
You can spit poison.
You have a snake-like lower body.
Your magical capacity is low. (-10% MP)
You are covered in fur. (AC +1)


Message History

[a] - 336 gold - heal wounds, curing and magic [b] - 260 gold - heal wounds and berserk rage [c] - 220 gold - haste Purchase which effect?
You feel yourself speed up.
Unknown command.
Okay, then.
Okay, then. [a] - 575 gold - haste, resistance and heal wounds [b] - 928 gold - invisibility, might, resistance and haste [c] - 350 gold - resistance and might Purchase which effect?
You no longer have enough gold to petition Gozag for potion effects.
You feel as though your hastened speed will last longer.
You feel protected.
You feel much better.
Rupert hits you with a +0 great mace of protection!
You closely miss Rupert. You punch Rupert!!
Rupert is lightly wounded.
Rupert hits you with a +0 great mace of protection!!
You pummel Rupert!! You punch Rupert.
Rupert is moderately wounded.
You punch Rupert!
Rupert is moderately wounded.
Rupert hits you with a +0 great mace of protection!
You pummel Rupert!! You punch Rupert!
Rupert is heavily wounded.
Rupert hits you with a +0 great mace of protection!!
You completely miss Rupert.
Rupert is heavily wounded.
You punch Rupert!
Rupert is severely wounded.
Rupert hits you with a +0 great mace of protection!!!
* * * LOW HITPOINT WARNING * * *
You closely miss Rupert.
Rupert is severely wounded.
Rupert hits you with a +0 great mace of protection!!
You die...
Rupert roars with triumph.
Your body crumbles into a pile of gold.

#..###..##.#.....#)).#__#
#(.* #..*####....#___#__'
▓▓▓*▓▓▓▓▓▓▓▓▓▓▓▓▓▓▓▓▓▓▓▓▓
*,,,+≈~~.≈≈≈.~♣♣.....♣♣♣♣
*,,,#~.≈§§§~≈~♣♣∩≈≈≈≈'♣♣°
*,,,#~~.≈§§≈≈~~'.....#.~♣
*,,,#≈≈~≈§§..≈♣♣♣♣♣♣♣#..♣
*,,,#≈~~~~.≈~≈♣ ###'
***+####h######** ♣♣♣♣.
*........@......** ♣...#
*#+#############+* ♣♣.##
*,,,*~,,,,,,,,,,,* ♣..#
*,,,+~~,,,********** ♣♣.#
*,,,*~~~,,,,,,,,,,,* ♣♣.#
*,,,*~~~~,,,,,,,,,,* ♣...
*+*************+**** ####
**,****** *,**


You could see Rupert (berserk).

Vanquished Creatures
  A nagaraja (D)
  2 hydras (D)
  Erolcha (D)
  5 anacondas (D)
  A naga warrior (D)
  Urug (D)
  A spriggan druid (D)
  A death drake (D)
  A lindwurm (D)
  2 orc knights (D)
  A deep elf pyromancer (D)
  2 orc sorcerers (D)
  A black mamba (D)
  A guardian serpent (D)
  2 cane toads (D)
  A komodo dragon (D)
  A rime drake (D)
  A queen bee (D)
  2 tyrant leeches (D)
  5 blink frogs (D)
  3 wandering mushrooms (D)
  2 spriggans (D)
  A shadow (D)
  5 redbacks (D)
  A spatial vortex (D)
  2 nagas (D)
  2 water moccasins (D)
  A swamp drake (D)
  An orc warrior (D)
  5 two-headed ogres (D)
  A necrophage (D)
  A water elemental (D)
  32 killer bees (D)
  An electric eel (D)
  A jelly (D)
  2 orc priests (D)
  An arcanist (D)
  A necromancer (D)
  An orc wizard (D)
  3 humans (D)
  A kobold demonologist (D)
  A wolf (D)
  6 adders (D)
  10 orcs (D)
  4 rats (D)
122 creatures vanquished.

Notes
Turn   | Place    | Note
-------+----------+-------------------------------------------
     0 | D        | rocky1 the Naga Shapeshifter began the quest for the Orb.
     0 | D        | Reached XP level 1. HP: 18/18 MP: 1/1
    50 | D        | Reached skill level 4 in Unarmed Combat
    50 | D        | Reached XP level 2. HP: 9/28 MP: 2/2
   301 | D        | Reached XP level 3. HP: 18/36 MP: 3/3
   321 | D        | Gained mutation: You sometimes lose your temper in combat.
                  | [potion of mutation]
   322 | D        | Lost mutation: You sometimes lose your temper in combat.
                  | [potion of mutation]
   322 | D        | Gained mutation: Your muscles are strong. (Str +4, Int/Dex
                  | -1) [potion of mutation]
   322 | D        | Gained mutation: You occasionally lose the ability to read
                  | scrolls when taking damage. [potion of mutation]
   323 | D        | Lost mutation: Your muscles are strong. (Str +4, Int/Dex
                  | -1) [potion of mutation]
   323 | D        | Lost mutation: You occasionally lose the ability to read
                  | scrolls when taking damage. [potion of mutation]
   323 | D        | Gained mutation: Your magical capacity is low. (-10% MP)
                  | [potion of mutation]
   323 | D        | Gained mutation: You are covered in fur. (AC +1) [potion of
                  | mutation]
   364 | D        | Noticed a water elemental
   370 | D        | Killed a water elemental
   371 | D        | Reached skill level 5 in Fighting
   371 | D        | Reached skill level 5 in Unarmed Combat
   371 | D        | Reached skill level 5 in Shapeshifting
   371 | D        | Reached XP level 4. HP: 40/46 MP: 3/3
   548 | D        | Noticed a shadow
   556 | D        | Killed a shadow
   557 | D        | Reached skill level 7 in Unarmed Combat
   557 | D        | Reached XP level 5. HP: 19/57 MP: 4/4
   557 | D        | Reached XP level 6. HP: 22/66 MP: 5/5
   710 | D        | Found a blossoming altar of Fedhas.
   710 | D        | Found a stormy altar of Qazlal.
   710 | D        | Found a snail-covered altar of Cheibriados.
   710 | D        | Found a burning altar of Makhleb.
   710 | D        | Found a shimmering altar of Xom.
   710 | D        | Noticed a spatial vortex
   711 | D        | Found a hazy altar of Hepliaklqana.
   711 | D        | Found an opulent altar of Gozag.
   711 | D        | Found a sparkling altar of Nemelex Xobeh.
   711 | D        | Found a corrupted altar of Lugonu.
   711 | D        | Found a viscous altar of Jiyva.
   717 | D        | Became a worshipper of Gozag Ym Sagoz the Greedy
   737 | D        | Killed a spatial vortex
   738 | D        | Reached skill level 8 in Unarmed Combat
   956 | D        | Found a basalt altar of Yredelemnul.
   956 | D        | Found a shadowy altar of Dithmenos.
   956 | D        | Found a sacrificial altar of Ru.
   962 | D        | Reached XP level 7. HP: 48/75 MP: 6/6
  1057 | D        | Found a radiant altar of Vehumet.
  1057 | D        | Found a shimmering blue altar of Sif Muna.
  1057 | D        | Found an ancient bone altar of Kikubaaqudgha.
  1060 | D        | Reached skill level 9 in Unarmed Combat
  1084 | D        | Found a hide-covered altar of Uskayaw.
  1084 | D        | Found an iron altar of Okawaru.
  1084 | D        | Found a bloodstained altar of Trog.
  1084 | D        | Found an ornate altar of the Wu Jian Council.
  1084 | D        | Noticed a human
  1085 | D        | Noticed a human
  1086 | D        | Killed a human
  1087 | D        | Killed a human
  1211 | D        | Found a glowing silver altar of Zin.
  1211 | D        | Found a glowing golden altar of the Shining One.
  1211 | D        | Found a white marble altar of Elyvilon.
  1211 | D        | Noticed a deep elf pyromancer
  1213 | D        | Killed a deep elf pyromancer
  1214 | D        | Reached skill level 1 in Armour
  1214 | D        | Reached skill level 10 in Unarmed Combat
  1214 | D        | Reached XP level 8. HP: 75/86 MP: 7/7
  1278 | D        | Reached skill level 10 in Fighting
  1278 | D        | Reached skill level 5 in Evocations
  1279 | D        | Reached skill level 10 in Shapeshifting
  1293 | D        | Noticed an orc sorcerer
  1294 | D        | Noticed a smoke demon
  1294 | D        | Noticed an orc sorcerer
  1294 | D        | Noticed an orc knight
  1295 | D        | Noticed an orc knight
  1296 | D        | Killed an orc sorcerer
  1297 | D        | Reached skill level 11 in Unarmed Combat
  1297 | D        | Reached XP level 9. HP: 93/94 MP: 8/8
  1297 | D        | Killed an orc sorcerer
  1299 | D        | Killed an orc knight
  1300 | D        | Reached skill level 12 in Unarmed Combat
  1300 | D        | Killed an orc knight
  1302 | D        | Found Yxochus's Armour Shoppe.
  1405 | D        | Bought a scroll labelled DULOLI XYASAMP for 30 gold pieces
  1405 | D        | Bought a scroll labelled DULOLI XYASAMP for 30 gold pieces
  1405 | D        | Bought a dark potion for 27 gold pieces
  1405 | D        | Bought a scroll of identify for 60 gold pieces
  1405 | D        | Bought a scroll of identify for 60 gold pieces
  1405 | D        | Bought a crooked bone wand for 120 gold pieces
  1412 | D        | Bought a scroll of enchant armour for 90 gold pieces
  1412 | D        | Bought a scroll of revelation for 90 gold pieces
  1414 | D        | Noticed a deep elf pyromancer
  1414 | D        | Noticed a deep elf zephyrmancer
  1414 | D        | Noticed a deep elf zephyrmancer
  1414 | D        | Noticed a deep elf knight
  1414 | D        | Noticed a deep elf knight
  1414 | D        | Noticed a two-headed ogre
  1445 | D        | Killed a two-headed ogre
  1446 | D        | Reached XP level 10. HP: 80/104 MP: 9/9
  1512 | D        | Noticed Erolcha
  1518 | D        | Killed Erolcha
  1519 | D        | Reached skill level 5 in Armour
  1519 | D        | Reached skill level 5 in Dodging
  1519 | D        | Reached skill level 13 in Unarmed Combat
  2004 | D        | Reached skill level 14 in Unarmed Combat
  2235 | D        | Bought a wand of flame (7) for 63 gold pieces
  2235 | D        | Bought a scroll of identify for 26 gold pieces
  2235 | D        | Bought a scroll of acquirement for 676 gold pieces
  2235 | D        | Bought the +8 longbow "Zephyr" {speed, Dex+3 SInv} for 1001
                  | gold pieces
  2235 | D        | Found the +8 longbow "Zephyr" {speed, Dex+3 SInv}
  2235 | D        | Acquired 1195 gold pieces
  2269 | D        | Reached skill level 1 in Ranged Weapons
  2269 | D        | Reached XP level 11. HP: 104/114 MP: 9/9
  2938 | D        | Noticed a lindwurm
  2943 | D        | Killed a lindwurm
  3479 | D        | Noticed Urug
  3488 | D        | Killed Urug
  3489 | D        | Reached skill level 15 in Unarmed Combat
  3759 | D        | Noticed a six-headed hydra
  3759 | D        | Noticed a five-headed hydra
  3775 | D        | Killed a six-headed hydra
  3777 | D        | Killed a five-headed hydra
  3792 | D        | Noticed a death drake
  3802 | D        | Killed a death drake
  4194 | D        | Noticed an anaconda
  4194 | D        | Noticed an anaconda
  4207 | D        | Killed an anaconda
  4209 | D        | Killed an anaconda
  4443 | D        | Noticed an anaconda
  4453 | D        | Killed an anaconda
  4454 | D        | Reached skill level 5 in Ranged Weapons
  4454 | D        | Reached skill level 10 in Evocations
  4454 | D        | Reached XP level 12. HP: 42/126 MP: 10/10
  4463 | D        | Reached skill level 16 in Unarmed Combat
  4890 | D        | Noticed an anaconda
  4894 | D        | Killed an anaconda
  4895 | D        | Noticed an anaconda
  4906 | D        | Killed an anaconda
  5170 | D        | Noticed a naga warrior
  5171 | D        | Noticed a nagaraja
  5178 | D        | Found Wuqyes's Antique Armour Shop.
  5178 | D        | Found Ryab's Distillery.
  5180 | D        | Killed a naga warrior
  5185 | D        | Killed a nagaraja
  5190 | D        | Found Geset's Book Boutique.
  5454 | D        | Got a serpentine rune of Zot
  5674 | D        | Bought a potion of brilliance for 48 gold pieces
  5674 | D        | Bought a potion of enlightenment for 60 gold pieces
  5674 | D        | Bought a potion of enlightenment for 60 gold pieces
  5674 | D        | Bought a potion of might for 48 gold pieces
  5674 | D        | Bought a potion of curing for 36 gold pieces
  5674 | D        | Bought a potion of might for 48 gold pieces
  5674 | D        | Bought a potion of attraction for 36 gold pieces
  5674 | D        | Bought a potion of might for 48 gold pieces
  5674 | D        | Bought a potion of enlightenment for 60 gold pieces
  5732 | D        | Found a blossoming altar of Fedhas.
  6011 | D        | Bought a scroll of fear for 64 gold pieces
  6011 | D        | Bought a scroll of poison for 64 gold pieces
  6339 | D        | Reached skill level 17 in Unarmed Combat
  6457 | D        | Noticed Rupert
  6467 | D        | Mangled by Rupert

Illustrated notes

Levels and vault maps discovered:
D:        dungeon_sprint_mu [sprint_mu_entry_cave, sprint_mu_temple_rooms,
          sprint_mu_d1_spiders, sprint_mu_d2_genie, sprint_mu_d3_branching,
          sprint_mu_orc_legion, sprint_mu_elf_gauntlet, sprint_mu_hive_nellie,
          sprint_mu_lair_fedhas, sprint_mu_vaults_butterflies,
          sprint_mu_slime_circle, sprint_mu_swamp_cave, sprint_mu_snake_twists,
          sprint_mu_blade_basic, sprint_mu_crypt_lich, sprint_mu_tomb_spiral,
          sprint_mu_vestibule_basic, sprint_mu_gehenna_hellfire,
          sprint_mu_dis_giant, sprint_mu_tartarus_statrot,
          sprint_mu_cocytus_islands, sprint_mu_zot1]

Skill      XL: |  1  2  3  4  5  6  7  8  9 10 11 12 |
---------------+-------------------------------------+-----
Fighting       | 3 5 7 8 9 10 11 12 13 | 13.9
Unarmed Combat | 4 5 7 8 10 11 12 14 15 17 | 17.0
Shapeshifting  | 4 5 7 8 9 10 11 12 13 | 13.7
Evocations     | 2 4 5 7 8 10 11 | 11.0
Armour         | 1 3 4 6 7 8 |  8.8
Dodging        | 2 3 4 6 7 8 |  8.7
Ranged Weapons | 1 5 6 |  6.6

Action                     |  1- 3 |  4- 6 |  7- 9 | 10-12 || total
---------------------------+-------+-------+-------+-------++-------
  Melee: Unarmed           |    24 |    20 |     8 |   230 ||   282
         Punch             |       |     2 |       |     8 ||    10
 Invoke: Call Merchant     |       |       |     2 |     3 ||     5
         Potion Petition   |       |       |       |     9 ||     9
Ability: Spit Poison       |     1 |       |       |       ||     1
  Evoke: Lightning rod     |       |       |    16 |    12 ||    28
         Wand              |       |       |       |     1 ||     1
    Use: Potion            |     5 |       |       |     3 ||     8
         Scroll            |       |       |     4 |     2 ||     6
   Stab: Distracted        |       |       |       |     1 ||     1
 Armour: Animal skin       |    11 |    10 |     1 |       ||    22
         Scale mail        |       |       |     6 |   224 ||   230
  Dodge: Dodged            |     9 |     4 |     2 |    93 ||   108
   Form: Flux              |       |       |     1 |       ||     1
         Beast             |       |       |       |     1 ||     1

Table legend: (Time is in decaauts)
 A = Elapsed time spent in this place.
 B = Non-inter-level travel time spent in this place.
 C = Inter-level travel time spent in this place.
 D = Time resting spent in this place.
 E = Time spent auto-exploring this place.
 F = Levels seen in this place.
 G = Mean time per level.
                   A        B        C        D        E       F      G
               +--------+--------+--------+--------+--------+-----+--------+
         Total |   6660 |   6569 |     91 |   5178 |    117 |   1 | 6660.0 |
       Dungeon |   6660 |   6569 |     91 |   5178 |    117 |   1 | 6660.0 |
               +--------+--------+--------+--------+--------+-----+--------+

Top non-repeatable levels by time:
       D: 6660 daAuts
